AoeStats
← bkg45

Lombardia

509439906Analyzed
4v4 RM · 5d ago on Sep 26, 2026· 15m 21s· 8 players
Game mode
Random Map
Map size
Large (8 player)
Population
200
Speed
Normal
Resources
Standard
Victory
Conquest
Starting age
Dark Age
Ending age
Imperial Age
RankedLock teamsTeams togetherTeam positionsShared explorationLock speedFull tech treeHidden civsTurbo modeCheats
Victory
Defeat
🇺🇸 Varangians · United States
1342
+16
🇺🇸 Dravidians · United States
1324
+16
🇵🇦 Mongols · Panama
1310
+17
🇸🇮 Teutons · Slovenia
1301
+17
🇰🇷 Berbers · South Korea
1403
-19
🇨🇳 Franks · China
1331
-17
🇨🇳 Britons · China
1301
-15
🇩🇪 Byzantines · Germany
1300
-15
daxbordeaux
9:28 Loom
11:31 Feudal Age
12:29 Double-Bit Axe
13:50 Bloodlines
13:57 Horse Collar
TheBrian
9:56 Feudal Age
8:48 Loom
14:15 Castle Age
12:06 Double-Bit Axe
12:35 Gold Mining
mirangunca
10:38 Feudal Age
12:02 Double-Bit Axe
12:22 Loom
15:18 Castle Age
14:56 Horse Collar
bkg45
9:06 Loom
11:12 Feudal Age
15:12 Castle Age
13:02 Double-Bit Axe
13:05 Horse Collar
14:49 Forging
kdu0687
12:10 Feudal Age
axjhbl90
10:52 Feudal Age
14:44 Castle Age
13:20 Double-Bit Axe
14:23 Stone Mining
默默发育
AOE2.GG | NONO
7:40 Loom
10:30 Feudal Age
Connection lost

Rejoining the realm…

Still unreachable

The connection could not be restored.

Session expired

The server has moved on; the page needs a fresh start.